 Dungeon Crawl Stone Soup version bcrawl-1.20 (webtiles) character file.

Game seed: 6912321470133620507

1236 Bnni the Basher (level 8, -2/69 HPs)
             Began as an Oni Sloth Apostle on Jan 20, 2020.
             Was a Priest of Cheibriados.
             Slain by a wyvern skeleton (11 damage)
             ... on level 6 of the Dungeon.
             The game lasted 00:11:03 (6286 turns).

Bnni the Basher (Oni Sloth Apostle)                 Turns: 6286, Time: 00:11:04

Health: -2/69      AC:  3    Str: 22    XL:     8   Next: 49%
Magic:  7/12       EV: 11    Int: 27    God:    Cheibriados [***...]
Gold:   314        SH:  0    Dex: 17    Spells: 2/9 levels left

rFire    + . .     SeeInvis .   n - +1 dagger (elec)
rCold    . . .     Gourm    .   (no shield)
rNeg     . . .     Faith    .   b - +1 animal skin
rPois    .         Spirit   .   (helmet restricted)
rElec    .         Reflect  .   (no cloak)
rCorr    .         Harm     .   (no gloves)
MR       .....                  (no boots)
Stlth    +++.......             (no amulet)
HPRegen  0.21/turn              a - +3 ring of intelligence
MPRegen  0.13/turn              q - ring of protection from fire

@: very slow
A: oni magic, claws 1, fangs 1, horns 1
a: Bend Time, Temporal Distortion, Renounce Religion


You were on level 6 of the Dungeon.
You worshipped Cheibriados.
Cheibriados was most pleased with you.
You were hungry.

You visited 1 branch of the dungeon, and saw 6 of its levels.

You collected 314 gold pieces.

Inventory:

Hand Weapons
 c - a +0 whip
 n - a +1 dagger of electrocution (weapon)
 p - a +2 dire flail of protection
Missiles
 j - 302 arrows
Armour
 b - a +1 animal skin (worn)
Jewellery
 a - a +3 ring of intelligence (left claw)
 l - an uncursed ring of insulation
 q - a ring of protection from fire (right claw)
 r - an uncursed ring of protection from cold
Wands
 d - a wand of paralysis (10)
 y - a wand of random effects (5)
Scrolls
 o - 3 scrolls of identify
 t - 3 scrolls of teleportation
Potions
 f - a potion of cancellation {unknown}
 g - a potion of brilliance {unknown}
 h - a potion of curing {unknown}
 i - a potion of degeneration {unknown}
 k - a potion of heal wounds {unknown}
 m - 5 potions of mutation
 s - a potion of might {unknown}
 u - a potion of agility {unknown}
 v - a potion of flight {unknown}
 w - a potion of lignification {unknown}
Comestibles
 e - 5 rations {!d}


   Skills:
 + Level 5.6 Fighting
 * Level 8.4 Maces & Flails
 - Level 3.6 Stealth
   Level 1.7 Shields
 - Level 1.0 Spellcasting
   Level 1.0 Conjurations
   Level 1.0 Hexes
   Level 1.0 Charms
   Level 1.0 Summonings
   Level 1.0 Necromancy
   Level 1.0 Translocations
   Level 1.0 Transmutations
   Level 1.0 Fire Magic
   Level 1.0 Ice Magic
   Level 1.0 Air Magic
   Level 1.0 Earth Magic
   Level 1.0 Poison Magic
 - Level 2.7 Evocations


You had 2 spell levels left.
You knew the following spells:

 Your Spells              Type           Power        Failure   Level  Hunger
a - Slow                  Hex            #.......     7%          1    ##.....
b - Corona                Hex            #......      7%          1    ##.....
c - Sticks to Snakes      Tmut           #.......     11%         2    ###....
d - Spectral Weapon       Hex/Chrm       #.......     22%         3    ####...

Your spell library contained the following spells:

 Spells                   Type           Power        Failure   Level  Hunger
 Corpse Rot               Necr           N/A          11%         2    ###....


Dungeon Overview and Level Annotations

Branches:
Dungeon (6/12)             Temple (0/1) D:4

Altars:
Lugonu
Makhleb
Nemelex Xobeh
Sif Muna
Trog
Xom


Innate Abilities, Weirdness & Mutations

You learn spells by gaining experience, not through books or religion.
You only train spellcasting to practice magic.
You have sharp fingernails.
You have very sharp teeth.
You have a pair of small horns on your head.


Message History

The wyvern skeleton is moderately damaged.
Your spectral weapon hits the wyvern skeleton but does no damage.
The orc hits you but does no damage.
You writhe in agony.
The wyvern skeleton closely misses you.
The dart slug closely misses your spectral weapon.
You hit the wyvern skeleton but do no damage.
The wyvern skeleton is moderately damaged.
Your spectral weapon hits the wyvern skeleton.
The wyvern skeleton barely misses you.
The orc hits you with a +2 dagger of pain.
You hit the orc. You headbutt the orc.
You kill the orc!
Cheibriados thoroughly appreciates the change of pace.
The wyvern skeleton bites you!
* * * LOW HITPOINT WARNING * * *
The dart slug launches a dart at you. The slug dart hits you!
* * * LOW HITPOINT WARNING * * *
The wyvern skeleton bites you!
You die...

## .. s ##.
.. ##.. ...
##.. ....
#..##.....
##.<.(.....
#)@.#####l.
.....wZ(##
.......##
."....#
......
......
..$.. ≈....


You could see a dart slug, a wyvern skeleton and a friendly spectral +1 dagger
of electrocution.

Vanquished Creatures
  A centaur zombie (D:5)
  Edmund (D:4)
  Duvessa (D:4)
  A centaur (D:5)
  2 scorpions (D:5)
  A bullfrog zombie (D:5)
  A hound (D:5)
  An orc priest (D:6)
  A centaur skeleton (D:5)
  An iguana (D:5)
  Natasha (thrice) (D:4)
  An orc wizard (D:5)
  2 worker ants
  3 gnolls (D:2)
  4 adders
  2 shadow imps (D:5)
  2 oozes
  2 worms (D:2)
  A dart slug (D:2)
  A leopard gecko (D:3)
  9 orcs
  4 bats
  A giant cockroach (D:2)
  6 goblins
  7 hobgoblins
  10 jackals
  11 kobolds
  2 quokkas (D:1)
  A frilled lizard (D:4)
  5 rats
88 creatures vanquished.

Vanquished Creatures (collateral kills)
  Dowan (D:4)
  A leopard gecko (D:2)
  An orc (D:3)
3 creatures vanquished.

Grand Total: 91 creatures vanquished

Notes
Turn   | Place    | Note
-------+----------+-------------------------------------------
     0 | D:1      | Bnni the Oni Sloth Apostle began the quest for the Orb.
     0 | D:1      | Reached XP level 1. HP: 17/17 MP: 4/4
   357 | D:1      | Reached XP level 2. HP: 23/24 MP: 5/5
   372 | D:1      | Learned a level 1 spell: Corona
   794 | D:1      | Found a shimmering altar of Xom.
  1002 | D:1      | Reached * piety under Cheibriados
  1181 | D:2      | Reached XP level 3. HP: 26/29 MP: 6/6
  1293 | D:2      | Found a sparkling altar of Nemelex Xobeh.
  1333 | D:2      | Reached skill level 3 in Maces & Flails
  1384 | D:2      | HP: 1/30 [poisoned by a worker ant]
  1390 | D:2      | HP: 1/30 [poisoned by a worker ant]
  1396 | D:2      | HP: 1/30 [poisoned by a worker ant]
  1712 | D:2      | Reached XP level 4. HP: 26/37 MP: 7/7
  1872 | D:2      | Learned a level 2 spell: Sticks to Snakes
  2070 | D:2      | Found a corrupted altar of Lugonu.
  2842 | D:3      | Found a bloodstained altar of Trog.
  2842 | D:3      | Found a shimmering blue altar of Sif Muna.
  2844 | D:3      | Found a shimmering altar of Xom.
  2900 | D:3      | Reached XP level 5. HP: 30/44 MP: 6/8
  2941 | D:3      | Reached ** piety under Cheibriados
  3020 | D:3      | Found a burning altar of Makhleb.
  3673 | D:4      | Found a staircase to the Ecumenical Temple.
  3676 | D:4      | Reached skill level 4 in Maces & Flails
  3777 | D:4      | Noticed Dowan
  3780 | D:4      | Noticed Duvessa
  4025 | D:4      | Killed Duvessa
  4025 | D:4      | Reached XP level 6. HP: 49/51 MP: 1/9
  4027 | D:4      | Killed Dowan
  4139 | D:4      | Noticed Natasha
  4150 | D:4      | Killed Natasha
  4297 | D:4      | Noticed Natasha
  4307 | D:4      | Killed Natasha
  4307 | D:4      | Reached skill level 5 in Maces & Flails
  4415 | D:4      | Noticed Natasha
  4422 | D:4      | Killed Natasha
  4541 | D:4      | Noticed Edmund
  4550 | D:4      | Killed Edmund
  4550 | D:4      | Reached XP level 7. HP: 53/59 MP: 8/11
  4776 | D:5      | Entered Level 5 of the Dungeon
  4807 | D:5      | Reached skill level 6 in Maces & Flails
  5559 | D:5      | Reached skill level 5 in Fighting
  5559 | D:5      | Reached skill level 7 in Maces & Flails
  5559 | D:5      | Reached XP level 8. HP: 45/68 MP: 12/12
  5564 | D:5      | Learned a level 3 spell: Spectral Weapon
  5733 | D:5      | Reached skill level 8 in Maces & Flails
  6133 | D:5      | Reached *** piety under Cheibriados
  6286 | D:6      | Slain by a wyvern skeleton

Skill      XL: |  1  2  3  4  5  6  7  8 |
---------------+-------------------------+-----
Maces & Flails | 3 4 5 7 8 |  8.4
Stealth        | 3 |  3.6
Evocations     | 2 |  2.7
Fighting       | 3 4 5 |  5.6
Shields        | |  1.7
Spellcasting   | |  1.0
Conjurations   | |  1.0
Hexes          | |  1.0
Charms         | |  1.0
Summonings     | |  1.0
Necromancy     | |  1.0
Translocations | |  1.0
Transmutations | |  1.0
Fire Magic     | |  1.0
Ice Magic      | |  1.0
Air Magic      | |  1.0
Earth Magic    | |  1.0
Poison Magic   | |  1.0

Action                   |  1- 3 |  4- 6 |  7- 9 || total
-------------------------+-------+-------+-------++-------
Melee: Whip              |    87 |    54 |       ||   141
       Mace              |     4 |       |       ||     4
       Bite              |     5 |    15 |    14 ||    34
       Headbutt          |    13 |    20 |    22 ||    55
       Dagger            |       |    78 |    84 ||   162
 Cast: Sticks to Snakes  |       |     9 |     9 ||    18
       Corona            |       |     8 |       ||     8
       Spectral Weapon   |       |       |     2 ||     2
  Use: Scroll            |       |     5 |     1 ||     6
 Stab: Sleeping          |     6 |     6 |     2 ||    14
       Distracted        |       |       |     1 ||     1
  Eat: Chunk             |     1 |     5 |     3 ||     9
Armor: Animal skin       |    12 |    26 |    11 ||    49
Dodge: Dodged            |    53 |    75 |    54 ||   182
